 Dungeon Sprint DCSS version 0.19.1-1-g22dce08 (webtiles) character file.

935 Kagutsuchi the Fighter (level 7, -1/74 HPs)
             Began as a Red Draconian Berserker on Dec 29, 2016.
             Was a Priest of Trog.
             Slain by a hippogriff (3 damage)
             ... in the Dungeon (Sprint II: "The Violet Keep of Menkaure").
             The game lasted 00:01:10 (258 turns).

Kagutsuchi the Fighter (Red Draconian Berserker)     Turns: 258, Time: 00:01:11

Health: -1/74      AC:  6    Str: 19    XL:     7   Next: 87%
Magic:  7/7        EV: 18    Int:  7    God:    Trog [***...]
Gold:   0          SH:  0    Dex: 13    Spells: 0 memorised, 6 levels left

rFire  + . .     SeeInvis .     a - +0 falchion
rCold  . . .     Gourm    .     (armour unavailable)
rNeg   . . .     Faith    .     (no shield)
rPois  .         Spirit   .     (helmet restricted)
rElec  .         Reflect  .     (no cloak)
rCorr  .         Harm     .     (no gloves)
MR     .....     NoTele   +     (no boots)
Stlth  +.........               (no amulet)
                                (no ring)
                                (no ring)

@: exhausted, slowed, very slow
A: breathe fire, unfitting armour, fire resistance 1, cold-blooded, AC +6
a: Breathe Fire, Berserk, Trog's Hand, Burn Spellbooks, Renounce Religion


You were in the Dungeon.
You worshipped Trog.
Trog was most pleased with you.
You were not hungry.

You visited 1 branch

Inventory:

Hand Weapons
 a - a +0 falchion (weapon)
Scrolls
 h - a scroll of blinking
Potions
 e - a potion of haste
 f - 2 potions of magic
 g - a potion of berserk rage
Comestibles
 b - a bread ration


   Skills:
 + Level 11.2 Fighting
 + Level 10.4 Long Blades
 + Level 9.6 Dodging
 + Level 0.4 Stealth


You had 6 spell levels left.
You didn't know any spells.

Dungeon Overview and Level Annotations

Branches:
Dungeon (1/1)

Altars:


Innate Abilities, Weirdness & Mutations

You can breathe blasts of fire.
Your fiery red scales are hard. (AC +6)
You cannot fit into any form of body armour.
Your flesh is heat resistant. (rF+)
You are cold-blooded and may be slowed by cold attacks.


Message History

The hippogriff barely misses you. The hippogriff closely misses you.
The hippogriff claws you.
* * * LOW HITPOINT WARNING * * *
You closely miss the hippogriff.
The hippogriff is almost dead.
The hippogriff bites you.
* * * LOW HITPOINT WARNING * * *
The hippogriff pecks you but does no damage.
The hippogriff misses you.
You slash the hippogriff!
You kill the hippogriff!
Trog accepts your kill.
Your Fighting skill increases to level 11!
You hit the hippogriff.
The hippogriff is lightly wounded.
The hippogriff barely misses you. x3
You slash the hippogriff!
The hippogriff is moderately wounded.
The hippogriff bites you.
You die...

## ## .# #.
# .#. ## #.
#H# #.##
#aa##@##...#
#+.<.รท#
#a.##.##...#
#a #'# #.##
# #.).# ##
#..#..# ##.
.## ## ##


You could see a hippogriff.

Vanquished Creatures
  A siren (D)
  A hippogriff (D)
  Menkaure (D)
  4 necrophages (D)
7 creatures vanquished.

Vanquished Creatures (others)
  A crocodile (D)
1 creature vanquished.

Grand Total: 8 creatures vanquished

Notes
Turn   | Place    | Note
-------+----------+-------------------------------------------
     0 | D        | Kagutsuchi the Draconian Berserker began the quest for the Orb.
     0 | D        | Reached XP level 1. HP: 19/19 MP: 1/1
     1 | D        | Noticed a necrophage
     1 | D        | Noticed a necrophage
     1 | D        | Noticed a necrophage
     1 | D        | Noticed a necrophage
     6 | D        | Killed a necrophage
     6 | D        | Reached skill level 6 in Fighting
     6 | D        | Reached skill level 5 in Long Blades
     6 | D        | Reached skill level 5 in Dodging
     6 | D        | Reached XP level 2. HP: 30/30 MP: 2/2
     6 | D        | Reached XP level 3. HP: 37/37 MP: 3/3
     6 | D        | Reached XP level 4. HP: 44/44 MP: 4/4
    10 | D        | Killed a necrophage
    10 | D        | Reached skill level 7 in Fighting
    10 | D        | Reached XP level 5. HP: 52/52 MP: 5/5
    12 | D        | Killed a crocodile
    15 | D        | Killed a necrophage
    15 | D        | Reached ** piety under Trog
    15 | D        | Reached skill level 8 in Fighting
    18 | D        | Noticed Menkaure
    26 | D        | Killed a necrophage
    26 | D        | Reached skill level 9 in Fighting
    26 | D        | Reached XP level 6. HP: 17/60 MP: 6/6
    29 | D        | Killed Menkaure
   222 | D        | Noticed a siren
   232 | D        | Killed a siren
   232 | D        | Reached *** piety under Trog
   232 | D        | Reached skill level 10 in Fighting
   232 | D        | Reached skill level 10 in Long Blades
   232 | D        | Your scales start taking on a fiery red colour.
   232 | D        | Reached XP level 7. HP: 73/73 MP: 7/7
   232 | D        | Gained mutation: Your flesh is heat resistant. (rF+) [Red Draconian growth]
   240 | D        | Noticed a hippogriff
   240 | D        | Noticed a hippogriff
   254 | D        | HP: 3/73 [hippogriff (1)]
   256 | D        | Killed a hippogriff
   256 | D        | Reached skill level 11 in Fighting
   258 | D        | Slain by a hippogriff

Skill      XL: |  1  2  3  4  5  6  7 |
---------------+----------------------+-----
Fighting       | 6 7 9 10 11 | 11.2
Long Blades    | 5 6 8 10 | 10.4
Dodging        | 5 6 7 9 |  9.6
Stealth        | |  0.4

Action                   |  1- 3 |  4- 6 |  7- 9 || total
-------------------------+-------+-------+-------++-------
Melee: Falchion          |     4 |    29 |    15 ||    48
       Tailslap          |     1 |    10 |     3 ||    14
Invok: Berserk           |     1 |     1 |       ||     2
  Use: Potion            |       |     1 |     1 ||     2
Armor: Skin              |       |     3 |     8 ||    11
Dodge: Dodged            |     1 |    14 |    23 ||    38
       Rpst.: Falchion   |     1 |     3 |     2 ||     6
